 Dungeon Crawl Stone Soup version 0.32-a0-933-ga8fa3634e4 (webtiles) character file.

Game seed: 5150138806423256074

437 glaedl the Changeling (level 7, -5/46 HPs)
             Began as an Octopode Shapeshifter on Apr 14, 2024.
             Slain by an orc
             ... wielding a +0 hand axe
              (7 damage)
             ... on level 4 of the Dungeon.
             The game lasted 00:02:53 (2534 turns).

glaedl the Changeling (Octopode Shapeshifter)       Turns: 2534, Time: 00:02:54

Health: -5/46      AC:  1    Str: 16    XL:     7   Next: 1%
Magic:  7/7        EV: 12    Int: 12    God:
Gold:   152        SH:  0    Dex: 11    Spells: 6/6 levels left

rFire   . .          .
                       - Unarmed
rCold   . . .        (no shield)
rNeg    . . .        (helmet currently unavailable)
rPois   .            (no amulet)
rElec   .            (no ring)
rCorr   .            (no ring)
SInv    .            (no ring)
Will    .....        (no ring)
Stlth   ++           (no ring)
HPRegen 0.27/turn    (no ring)
MPRegen 0.10/turn    (no ring)
                     (no ring)

%: no passive effects
@: beast-form
A: beast (slay +2), almost no armour, amphibious, 8 rings, camouflage 1,
gelatinous body 1, (nimble swimmer 1), tentacles
a: Begin Untransformation


You were on level 4 of the Dungeon.
You were a hulking beast.
You visited 1 branch of the dungeon, and saw 4 of its levels.

You collected 152 gold pieces.

Inventory:

Jewellery
 p - a ring of ice
 q - an amulet of faith
Talismans
 b - a beast talisman (active)
 c - a flux talisman
Scrolls
 e - 5 scrolls of amnesia {unknown}
 f - a scroll of blinking {unknown}
 g - 2 scrolls of revelation {unknown}
 h - 2 scrolls of identify {unknown}
 m - a scroll of fog {unknown}
 n - a scroll of enchant weapon {unknown}
 o - 2 scrolls of teleportation {unknown}
Potions
 a - 2 potions of lignification
 d - 2 potions of mutation {unknown}
 i - a potion of haste {unknown}
 j - a potion of degeneration {unknown}
 k - a potion of heal wounds {unknown}
 l - a potion of magic {unknown}


   Skills:
 + Level 3.1 Fighting
 + Level 3.6 Dodging
 + Level 4.2 Unarmed Combat
 * Level 5.0 Shapeshifting


You had 6 spell levels left.
You didn't know any spells.
Your spell library contained the following spells:

 Spells                   Type           Power      Damage    Failure   Level
 Sandblast                Erth           0%         2d4       32%         1
 Summon Small Mammal      Summ           0%         N/A       32%         1
 Call Canine Familiar     Summ           0%         N/A       69%         3
 Stone Arrow              Conj/Erth      0%         3d7       69%         3
 Brom's Barrelling Bould  Conj/Erth      0%         2d3       97%         4
 Summon Blazeheart Golem  Fire/Summ      0%         N/A       97%         4


Dungeon Overview and Level Annotations

Branches:
Dungeon (4/15)
 Temple: D:4-7

Altars:
Qazlal

Annotations:
D:4 Edmund


Innate Abilities, Weirdness & Mutations

You are a hulking beast.
Your limbs bulge with bestial killing power. (Slay +2)
You cannot wear most types of armour.
You are amphibious.
You can wear up to eight rings at the same time.
Your skin changes colour to match your surroundings (Stealth+).
Your rubbery body absorbs attacks. (AC +1, EV +1)
((You are camouflaged when in or above water. (Stealth+)))
You have tentacles for arms and can constrict up to eight enemies at once.


Message History

The adder barely misses you.
You miss the adder. Your grab misses the adder. The adder barely misses you.
You miss the adder. You grab the adder. You constrict the adder.
The adder misses you.
You barely miss the adder.
The adder is moderately wounded.
You constrict the adder. The adder barely misses you.
You tentacle-slap the adder.
You kill the adder!
You have reached level 7!
Found a sapphire potion.
An orc comes into view. It is wielding a +0 hand axe.
The sky beast hits you. The sky beast shocks you.
The orc shouts!
You tentacle-slap the sky beast.
The sky beast is moderately wounded.
You hear a shout!
The sky beast hits you but does no damage.
You closely miss the sky beast.
You squeeze the sky beast, but do no damage.
The sky beast is moderately wounded.
The sky beast flickers out of sight!
Deactivating autopickup; reactivate with Ctrl-A.
Something hits you. Something shocks you.
You tentacle-slap something. Something hits you. Something shocks you.
An orc comes into view. It is wielding a +0 hand axe.
You tentacle-slap something. Something hits you. Something shocks you.
You barely miss something. You squeeze something. You barely miss something.
Something hits you but does no damage. Something barely misses you.
Something hits you. Something shocks you.
* * * LOW HITPOINT WARNING * * *
The orc attacks as it pursues you! The orc hits you with a +0 hand axe.
* * * LOW HITPOINT WARNING * * *
The orc attacks as it pursues you! The orc hits you with a +0 hand axe.
* * * LOW HITPOINT WARNING * * *
Reactivating autopickup.
A sky beast appears from thin air!
The orc attacks as it pursues you! The orc hits you with a +0 hand axe!
You die...

##........# #♣♣~P~~~~~P~
...........##♣P~~~≈≈≈≈~~~
...............P~~~≈≈≈≈≈≈~
.............#♣~~~≈≈≈≈≈≈PP
#............♣~~~≈≈≈≈≈≈≈~
#........†...♣PP~≈≈≈≈≈≈≈~
##..........†.♣♣P~≈≈≈≈≈≈≈≈
##..............P~≈≈≈≈≈≈≈≈)
###.......Yoh.....~~~≈≈≈≈≈≈≈≈
.........§....###♣♣~~≈≈≈≈≈≈≈~
............### ♣♣~~≈≈≈≈≈≈~
........o...# ♣~P~~~~≈≈~~
.........)..# ♣~P~~~≈≈~~~
............## ~P~PPP~~P~
.............## ~~PP~~~~~~
.!..###..<....# ♣~~♣~P~♣~~
..# #.......$# #♣PPP~~~P~


You could see a sky beast and 2 orcs.

Vanquished Creatures
  Sigmund (D:2)
  A black bear (D:4)
  4 gnolls (D:3)
  8 adders
  2 ribbon worms
  2 dart slugs
  An orc (D:3)
  5 bats
  3 endoplasms
  4 giant cockroaches
  6 goblins
  9 hobgoblins
  3 jackals (D:1)
  7 kobolds
  4 quokkas
  3 ball pythons
  3 frilled lizards
  3 rats
69 creatures vanquished.

Notes
Turn   | Place    | Note
-------+----------+-------------------------------------------
     0 | D:1      | glaedl the Octopode Shapeshifter began the quest for the
                  | Orb.
     0 | D:1      | Reached XP level 1. HP: 13/13 MP: 1/1
   126 | D:1      | Reached XP level 2. HP: 17/18 MP: 2/2
   545 | D:1      | Reached XP level 3. HP: 13/23 MP: 3/3
   905 | D:2      | Reached XP level 4. HP: 29/29 MP: 4/4
   939 | D:2      | Noticed Sigmund
   945 | D:2      | Killed Sigmund
   946 | D:2      | Reached skill level 4 in Shapeshifting
   946 | D:2      | Reached XP level 5. HP: 24/35 MP: 5/5
  1077 | D:2      | Reached XP level 6. HP: 41/41 MP: 6/6
  1354 | D:3      | HP: 1/41 [gnoll/+2 spear of freezing (3)]
  1508 | D:3      | Found a stormy altar of Qazlal.
  2289 | D:4      | Noticed a sky beast
  2381 | D:4      | Noticed Edmund
  2409 | D:4      | Noticed a black bear
  2436 | D:4      | Identified the +1 ring mail of the Depths {rC+ Int+3}
  2457 | D:4      | Killed a black bear
  2458 | D:4      | Reached skill level 5 in Shapeshifting
  2516 | D:4      | Reached XP level 7. HP: 46/46 MP: 7/7
  2533 | D:4      | HP: 2/46 [orc/+0 hand axe (6)]
  2534 | D:4      | Slain by an orc

Illustrated notes

Levels and vault maps discovered:
D:1:      saegor_arrival_miasma, layout_loops_ring
D:2:      layout_loops_ring, minmay_tromino_v4_a, uniq_sigmund
D:3:      layout_basic, grunt_qazlal_sundering
D:4:      layout_layer_cave, minmay_temple_entry_drinking_statues,
          serial_bayou_lake_a, uniq_robin, uniq_edmund

Skill      XL: |  1  2  3  4  5  6 |
---------------+-------------------+-----
Fighting       | 2 3 |  3.1
Dodging        | 3 |  3.6
Shapeshifting  | 4 5 |  5.0
Unarmed Combat | 4 |  4.2

Action                     |  1- 3 |  4- 6 |  7- 9 || total
---------------------------+-------+-------+-------++-------
  Melee: Unarmed           |    52 |    71 |     6 ||   129
         Constrict         |    17 |    23 |       ||    40
         Tentacles         |    11 |    15 |     2 ||    28
         Punch             |     2 |     1 |       ||     3
   Stab: Sleeping          |     9 |     3 |       ||    12
 Armour: Skin              |    13 |    28 |    10 ||    51
  Dodge: Dodged            |    27 |    44 |     1 ||    72

Table legend: (Time is in decaauts)
 A = Elapsed time spent in this place.
 B = Non-inter-level travel time spent in this place.
 C = Inter-level travel time spent in this place.
 D = Time resting spent in this place.
 E = Time spent auto-exploring this place.
 F = Levels seen in this place.
 G = Mean time per level.
                   A        B        C        D        E       F      G
               +--------+--------+--------+--------+--------+-----+--------+
         Total |   2524 |   2428 |     96 |    132 |   1830 |   4 |  631.0 |
       Dungeon |   2524 |   2428 |     96 |    132 |   1830 |   4 |  631.0 |
               +--------+--------+--------+--------+--------+-----+--------+

Top non-repeatable levels by time:
     D:3: 1003 daAuts
     D:1: 722 daAuts
     D:2: 594 daAuts
     D:4: 204 daAuts
